 Dungeon Crawl Stone Soup version 0.27.1-33-g824d729ab1 (webtiles) character file.

Game seed: 18433453314817698041

15704 dkowning the Severer (level 12, -15/105 HPs)
             Began as a Minotaur Fighter on Nov 30, 2021.
             Was a High Priest of Makhleb.
             Demolished by a boulder beetle (23 damage)
             ... on level 11 of the Dungeon.
             The game lasted 00:22:03 (8880 turns).

dkowning the Severer (Minotaur Fighter)             Turns: 8880, Time: 00:22:04

Health: -15/105    AC: 14    Str: 30    XL:     12   Next: 3%
Magic:  11/11      EV:  9    Int:  3    God:    Makhleb [*****.]
Gold:   994        SH: 13    Dex: 16    Spells: 11/11 levels left

rFire    + + .     SeeInvis .   O - +0 war axe (vorpal)
rCold    + . .     Faith    .   c - +0 kite shield
rNeg     . . .     Spirit   .   b - +0 scale mail
rPois    .         Reflect  .   (helmet restricted)
rElec    .         Harm     .   C - +0 cloak
rCorr    .         Rampage  .   q - +1 pair of gloves "Makhlurucs" {rF++ Int-4 Dex+6}
Will     .....                  K - +0 pair of boots {Fly}
Stlth    ..........             i - amulet of regeneration
HPRegen  1.27/turn              u - +6 ring of strength
MPRegen  0.12/turn              w - ring of protection from cold

@: flying
A: horns 2, retaliatory headbutt
a: Renounce Religion, Minor Destruction, Lesser Servant of Makhleb, Major
Destruction, Greater Servant of Makhleb


You were on level 11 of the Dungeon.
You worshipped Makhleb.
Makhleb was extremely pleased with you.
You visited 1 branch of the dungeon, and saw 11 of its levels.
You also visited: Ossuary.

You collected 994 gold pieces.

Inventory:

Hand Weapons
 a - a +0 war axe
 g - a +0 whip of freezing
 p - a +0 hand axe of flaming
 O - a +0 vorpal war axe (weapon)
 T - the +6 halberd "Grim" {spect, *Corrode rF+ rC+}
   (You took it off a death knight on level 11 of the Dungeon)

   When its wielder attacks, the weapon's spirit leaps out and strikes again.
   The spirit shares a part of any damage it takes with its wielder.
   rF:        It protects you from fire.
   rC:        It protects you from cold.
   *Corrode:  It may corrode you when you take damage.
 U - a +1 vorpal war axe
 V - the +3 halberd of Deflation {freeze, rCorr Int-5 Dex+10}
   (You took it off an orc on level 11 of the Dungeon)

   It freezes those it strikes, dealing additional cold damage.
   It can also slow down cold-blooded creatures.
   Int:       It affects your intelligence (-5).
   Dex:       It affects your dexterity (+10).
   rCorr:     It protects you from acid and corrosion.
Missiles
 A - 4 throwing nets (quivered)
Armour
 b - a +0 scale mail (worn)
 c - a +0 kite shield (worn)
 e - a +0 pair of boots
 q - the +1 pair of gloves "Makhlurucs" (worn) {rF++ Int-4 Dex+6}
   (You found it on level 4 of the Dungeon)

   Int:       It affects your intelligence (-4).
   Dex:       It affects your dexterity (+6).
   rF:        It greatly protects you from fire.
 C - a +0 cloak (worn)
 E - a +2 leather armour of fire resistance
 K - a +0 pair of boots of flying (worn)
 P - a +1 helmet
Jewellery
 i - an amulet of regeneration (around neck)
 u - a +6 ring of strength (left hand)
 w - a ring of protection from cold (right hand)
 H - a ring of see invisible
 J - the ring "Peosytei" {Int+6 Dex+7}
   (You found it on level 8 of the Dungeon)

   [ring of intelligence]

   Int:       It affects your intelligence (+6).
   Dex:       It affects your dexterity (+7).
 M - a ring of protection from fire
Wands
 k - a wand of polymorph (5)
 y - a wand of flame (37)
 D - a wand of charming (16)
 I - a wand of iceblast (3)
 N - a wand of paralysis (4)
Scrolls
 j - 2 scrolls of enchant armour {unknown}
 l - 4 scrolls of identify {unknown}
 m - 2 scrolls of magic mapping {unknown}
 r - 5 scrolls of noise {unknown}
 t - 7 scrolls of teleportation {unknown}
 G - a scroll of fog {unknown}
 L - a scroll of blinking {unknown}
 Q - 2 scrolls of enchant weapon {unknown}
Potions
 d - 2 potions of might
 f - 3 potions of haste {unknown}
 h - 2 potions of brilliance {unknown}
 n - a potion of cancellation {unknown}
 o - 2 potions of degeneration {unknown}
 s - a potion of mutation {unknown}
 v - a potion of curing
 x - 4 potions of heal wounds {unknown}
 z - 5 potions of lignification {unknown}
 B - a potion of berserk rage {unknown}
 F - a potion of invisibility {unknown}
Miscellaneous
 R - a box of beasts
 S - a piece from Xom's chessboard (15/15)


   Skills:
 + Level 9.4 Fighting
 * Level 16.6 Axes
 + Level 9.9 Armour
 + Level 10.0 Shields
 + Level 0.1 Unarmed Combat


You had 11 spell levels left.
You didn't know any spells.
Your spell library contained the following spells:

 Spells                   Type           Power      Damage    Failure   Level
 Freeze                   Ice            0%         1d3       91%         1
 Sublimation of Blood     Necr           0%         N/A       97%         2
 Wereblood                Tmut           0%         N/A       97%         2
 Conjure Flame            Conj/Fire      0%         6-21      99%         3
 Frozen Ramparts          Ice            0%         1d2       99%         3
 Ignite Poison            Fire/Tmut/Pois 0%         N/A       99%         3
 Hailstorm                Conj/Ice       0%         3d3       100%        4
 Sticky Flame             Conj/Fire      0%         2d3       100%        4
 Summon Hydra             Summ           0%         N/A       100%        7


Dungeon Overview and Level Annotations

Branches:
Dungeon (11/15)            Temple (0/1) D:4            Lair (0/6) D:9
Ossuary (visited)
    Orc: D:9-12

Altars:
Cheibriados
Elyvilon
Makhleb
Nemelex Xobeh
Sif Muna
Trog
Uskayaw
Yredelemnul
Lugonu

Shops:
D:6 :(   D:7 [

Portals:
Abyss: D:3 D:6
Trove: D:10 (give 6 scrolls of blinking)


Innate Abilities, Weirdness & Mutations

You have a pair of horns on your head.
You reflexively headbutt those who attack you in melee.


Message History

Something bites you.
* * * LOW HITPOINT WARNING * * *
Something draws strength from your injuries!
You hit something but do no damage.
The boulder beetle curls into a ball and begins rolling!
You slice something!! You headbutt something.
Something hits you but does no damage. Something bites you but does no damage.
You slash something! Makhleb accepts your kill.
You feel better.
Reactivating autopickup.
You feel a bit more experienced.
You feel better. You block the boulder beetle's attack.
The boulder beetle stops rolling and uncurls.
You hit the boulder beetle but do no damage.
You headbutt the boulder beetle, but do no damage.
The boulder beetle is severely wounded.
The boulder beetle bites you.
* * * LOW HITPOINT WARNING * * *
You hit the boulder beetle but do no damage.
You headbutt the boulder beetle, but do no damage.
The boulder beetle is severely wounded.
You completely miss the boulder beetle.
The boulder beetle is severely wounded.
The boulder beetle leaps!
The boulder beetle leaps!
The boulder beetle curls into a ball and begins rolling!
You block the boulder beetle's attack.
The boulder beetle stops rolling and uncurls.
You see here 12 gold pieces.
You hit the boulder beetle but do no damage.
The boulder beetle is severely wounded.
The boulder beetle leaps!
You see here a potion of curing.
The boulder beetle bites you!!
* * * LOW HITPOINT WARNING * * *
You hit the boulder beetle but do no damage.
The boulder beetle is severely wounded.
The boulder beetle bites you!!
You die...

##########
#........#
#........#
#........#
#..B@°...#
#....$...#
#........#
#........##
#..######..#
#.#
##....<..
... ##..>.#
#. .#### #


You could see a boulder beetle.

Vanquished Creatures
  Erica (D:9)
  A two-headed ogre (D:11)
  A centaur warrior (D:8)
  A death knight (D:11)
  3 skeletal warriors
  A phantasmal warrior (D:10)
  A deep elf pyromancer (D:8)
  A manticore (D:11)
  Joseph (D:9)
  An efreet (D:8)
  Psyche (D:11)
  2 guardian mummies (D:10)
  A hornet (D:11)
  A troll (D:10)
  Sigmund (D:4)
  A vampire (D:11)
  A wraith (D:11)
  4 wyverns (D:9)
  5 yaks
  4 humans (D:9)
  Eustachio (D:4)
  2 basilisks (D:9)
  A steam dragon (D:7)
  6 vampire mosquitoes
  4 water moccasins
  A hornet zombie (D:5)
  8 orc warriors
  4 sky beasts
  3 necrophages
  2 ogres
  4 centaurs
  2 elf zombies (D:4)
  2 phantoms
  5 kobold brigands
  3 bullfrogs
  A gnoll sergeant (D:9)
  2 scorpions
  5 killer bees (D:9)
  9 wights
  7 howler monkeys
  2 centaur zombies
  A hound (D:4)
  3 bullfrog skeletons
  9 orc priests
  An iguana (D:9)
  2 human skeletons (D:4)
  13 orc wizards
  A killer bee zombie (D:9)
  2 mummies (Ossuary)
  3 howler monkey zombies
  Robin (D:4)
  6 gnolls
  4 adders
  2 shadow imps
  An adder zombie (D:5)
  5 worms
  4 dart slugs
  36 orcs
  8 endoplasms
  3 giant cockroaches
  17 goblins
  4 hobgoblins
  5 jackals (D:1)
  24 kobolds
  2 quokkas
  3 training dummies (D:6)
  6 ball pythons
  5 bats
  A frilled lizard (D:1)
  3 goblin zombies (Ossuary)
  11 hobgoblin zombies (Ossuary)
  2 jackal zombies (Ossuary)
  9 kobold zombies (Ossuary)
  2 orc skeletons (D:4)
  10 orc zombies (Ossuary)
  5 rats
  A rat zombie (Ossuary)
  2 lurking horrors (D:3)
324 creatures vanquished.

Vanquished Creatures (others)
  4 fungi (D:9)
  22 plants (D:9)
26 creatures vanquished.

Grand Total: 350 creatures vanquished

Notes
Turn   | Place    | Note
-------+----------+-------------------------------------------
     0 | D:1      | dkowning the Minotaur Fighter began the quest for the Orb.
     0 | D:1      | Reached XP level 1. HP: 19/19 MP: 0/0
    65 | D:1      | Reached XP level 2. HP: 27/27 MP: 1/1
   412 | D:1      | Reached skill level 3 in Axes
   548 | D:1      | Reached XP level 3. HP: 33/33 MP: 2/2
   809 | D:2      | Found a faded altar of an unknown god.
  1337 | D:3      | Found a snail-covered altar of Cheibriados.
  1388 | D:3      | Reached skill level 4 in Axes
  1467 | D:3      | Reached XP level 4. HP: 40/40 MP: 3/3
  1493 | D:3      | Found a one-way gate to the infinite horrors of the Abyss.
  1493 | D:3      | Found a corrupted altar of Lugonu.
  1618 | D:3      | Found a basalt altar of Yredelemnul.
  1773 | D:3      | Reached skill level 5 in Axes
  1870 | D:3      | Found a burning altar of Makhleb.
  1882 | D:3      | Became a worshipper of Makhleb the Destroyer
  1947 | D:4      | Noticed Robin
  1947 | D:4      | Noticed a phantom
  1961 | D:4      | Reached XP level 5. HP: 43/47 MP: 4/4
  1962 | D:4      | Killed a phantom
  1968 | D:4      | Killed Robin
  1969 | D:4      | Reached skill level 6 in Axes
  1971 | D:4      | Identified the +1 pair of gloves "Makhlurucs" {rF++ Int-4
                  | Dex+6}
  2039 | D:4      | Reached XP level 6. HP: 53/53 MP: 5/5
  2120 | D:4      | Found a staircase to the Ecumenical Temple.
  2434 | D:4      | Reached * piety under Makhleb
  2449 | D:4      | Reached skill level 7 in Axes
  2454 | D:4      | Found a sand-covered staircase.
  2465 | Ossuary  | Entered an ossuary
  2563 | Ossuary  | Reached XP level 7. HP: 48/60 MP: 6/6
  2602 | Ossuary  | Reached skill level 5 in Fighting
  2640 | Ossuary  | Reached ** piety under Makhleb
  2853 | D:4      | Noticed Sigmund
  2892 | D:4      | Killed Sigmund
  2893 | D:4      | Reached skill level 8 in Axes
  2893 | D:4      | Reached skill level 5 in Shields
  3182 | D:5      | Entered Level 5 of the Dungeon
  3206 | D:5      | Reached skill level 9 in Axes
  3209 | D:5      | Noticed Eustachio
  3232 | D:4      | Killed Eustachio
  3233 | D:4      | Reached skill level 5 in Armour
  3233 | D:4      | Reached XP level 8. HP: 69/69 MP: 7/7
  3455 | D:5      | Reached skill level 10 in Axes
  3961 | D:6      | Found a large runed translucent door.
  3961 | D:6      | Found a large runed translucent door.
  3963 | D:6      | Found a corrupted altar of Lugonu.
  3975 | D:6      | Reached *** piety under Makhleb
  4063 | D:6      | Found Kinaav's Book Emporium.
  4092 | D:6      | Reached skill level 11 in Axes
  4170 | D:6      | Found Nenk's Firing Range.
  4603 | D:5      | Reached XP level 9. HP: 66/68 MP: 8/8
  4834 | D:7      | Found Zangyuvi's Armour Shop.
  5219 | D:7      | Reached skill level 12 in Axes
  5365 | D:7      | Found a hide-covered altar of Uskayaw.
  5397 | D:7      | Found a sparkling altar of Nemelex Xobeh.
  5526 | D:8      | Identified the ring "Peosytei" {Int+6 Dex+7}
  5579 | D:8      | Reached **** piety under Makhleb
  5670 | D:8      | Found a shimmering blue altar of Sif Muna.
  5670 | D:8      | Noticed an efreet
  5682 | D:8      | Killed an efreet
  5749 | D:8      | Noticed a deep elf pyromancer
  5752 | D:8      | Reached skill level 13 in Axes
  5759 | D:8      | Killed a deep elf pyromancer
  5778 | D:8      | Noticed a centaur warrior
  5788 | D:8      | Killed a centaur warrior
  5789 | D:8      | Reached XP level 10. HP: 77/86 MP: 9/9
  5796 | D:8      | Noticed a skeletal warrior
  5825 | D:8      | Killed a skeletal warrior
  5826 | D:8      | Reached skill level 14 in Axes
  6222 | D:9      | Noticed Erica
  6250 | D:9      | Killed Erica
  6536 | D:9      | Noticed Joseph
  6719 | D:9      | Reached XP level 11. HP: 81/94 MP: 10/10
  6727 | D:9      | Reached skill level 15 in Axes
  6764 | D:9      | Found a staircase to the Lair.
  6776 | D:9      | Killed Joseph
  6776 | D:9      | Reached ***** piety under Makhleb
  6990 | D:9      | Found a white marble altar of Elyvilon.
  7403 | D:10     | Entered Level 10 of the Dungeon
  7794 | D:10     | Found a portal to a secret trove of treasure.
  7885 | D:10     | Found a bloodstained altar of Trog.
  8408 | D:11     | Noticed a two-headed ogre
  8417 | D:11     | Killed a two-headed ogre
  8421 | D:11     | Reached skill level 16 in Axes
  8444 | D:11     | Noticed a skeletal warrior
  8446 | D:11     | Noticed a phantasmal warrior
  8446 | D:11     | Identified the +6 halberd "Grim" {spect, *Corrode rF+ rC+}
  8446 | D:11     | Noticed a death knight
  8454 | D:11     | Noticed a skeletal warrior
  8491 | D:10     | Killed a skeletal warrior
  8493 | D:10     | Killed a phantasmal warrior
  8508 | D:11     | Killed a death knight
  8515 | D:11     | Killed a skeletal warrior
  8534 | D:11     | Noticed Psyche
  8573 | D:11     | Killed Psyche
  8733 | D:11     | Identified the +3 halberd of Deflation {freeze, rCorr Int-5
                  | Dex+10}
  8838 | D:11     | Reached skill level 10 in Shields
  8838 | D:11     | Reached XP level 12. HP: 104/104 MP: 11/11
  8844 | D:11     | Noticed a boulder beetle
  8862 | D:11     | HP: 1/105 [something (5)]
  8880 | D:11     | Demolished by a boulder beetle

Illustrated notes

Levels and vault maps discovered:
D:1:      scummos_arrival_checkerplants, layout_basic,
          chequers_serial_rivers_marsh
D:2:      layout_rooms, basic_ecumenical_altar, kennysheep_boxes
D:3:      layout_basic, mainiacjoe_overflow_catwalk, bloody_makhleb,
          mainiacjoe_overflow_cross_hatched, amcnicky_altar_lugonu_corruption
D:4:      layout_cave_pods, minmay_temple_entry_arrows,
          nicolae_ossuary_entry_catacombs, minmay_misc_feat_rugged,
          minivault_27, uniq_sigmund, uniq_robin
D:5:      layout_rooms, uniq_eustachio
D:6:      due_chaos_kobolds, layout_rooms, serial_shops, shop,
          nicolae_shop_firing_range
D:7:      layout_gridville, mainiacjoe_overflow_two_lobes, serial_shops,
          shop_coins
D:8:      layout_cave_pools, nicolae_sif_muna_condensation,
          minmay_pinched_square
D:9:      layout_roguey, elyvilon_altar_3, minmay_lair_entry_grove,
          minmay_ruffians, uniq_joseph, uniq_erica
D:10:     layout_gridville, nicolae_overflow_hidden_temple, bloody_trog,
          nicolae_trove_entry_path_of_doom
D:11:     minmay_goldmine, layout_rooms, enter_bailey_1,
          hellmonk_bongcloud_opening, grunt_potential, uniq_psyche

Skill      XL: |  1  2  3  4  5  6  7  8  9 10 11 |
---------------+----------------------------------+-----
Axes           | 3 4 5 6 7 9 11 13 14 16 | 16.6
Armour         | 4 5 6 7 8 9 |  9.9
Shields        | 4 5 6 7 8 10 | 10.0
Fighting       | 4 5 6 7 8 9 |  9.4
Unarmed Combat | |  0.1

Action                   |  1- 3 |  4- 6 |  7- 9 | 10-12 || total
-------------------------+-------+-------+-------+-------++-------
Melee: War axe           |   108 |   135 |   313 |   334 ||   890
       Headbutt          |     9 |    24 |    75 |    96 ||   204
       Unarmed           |       |       |       |    13 ||    13
  Use: Potion            |       |       |       |     2 ||     2
Armor: Scale mail        |    48 |    66 |   143 |    84 ||   341
Dodge: Dodged            |    37 |    42 |    80 |    77 ||   236
Block: Kite shield       |    64 |    81 |   166 |   181 ||   492
